 Dungeon Crawl Stone Soup version 0.30-a0-34-gbe8da3892a (webtiles) character file.

Game seed: 12769768343258236046

107 funkygono the Chiller (level 4, -3/30 HPs)
             Began as a Merfolk Ice Elementalist on Aug 27, 2022.
             Killed from afar by an orc wizard (8 damage)
             ... with a magic dart
             ... on level 3 of the Dungeon.
             The game lasted 00:05:05 (3054 turns).

funkygono the Chiller (Merfolk Ice Elementalist)    Turns: 3054, Time: 00:05:09

Health: -3/30      AC:  3    Str:  8    XL:     4   Next: 85%
Magic:  5/8        EV: 12    Int: 16    God:
Gold:   123        SH:  0    Dex: 14    Spells: 5/9 levels left

rFire   . . .      SeeInvis .    d - +0 hand axe
rCold   . . .      Faith    .    (no shield)
rNeg    . . .      Spirit   .    a - +0 robe
rPois   .          Reflect  .    (no helmet)
rElec   .          Harm     .    (no cloak)
rCorr   .          Rampage  .    (no gloves)
Will    .....                    h - +0 pair of boots
Stlth   ++........               (no amulet)
HPRegen 0.10/turn                (no ring)
MPRegen 0.11/turn                (no ring)

@: freezing walls, attractive
A: (nimble swimmer 2), mertail
a: no special abilities


You were on level 3 of the Dungeon.
You visited 1 branch of the dungeon, and saw 3 of its levels.

You collected 123 gold pieces.

Inventory:

Hand Weapons
 d - a +0 hand axe (weapon)
Armour
 a - a +0 robe (worn)
 h - a +0 pair of boots (worn)
 j - a +0 leather armour
Scrolls
 e - 2 scrolls of enchant armour {unknown}
 i - a scroll of fear {unknown}
 k - a scroll of teleportation {unknown}
Potions
 b - a potion of magic
 c - a potion of brilliance {unknown}
 f - a potion of attraction
 g - a potion of invisibility {unknown}


   Skills:
 + Level 2.7 Dodging
 + Level 2.5 Stealth
 + Level 3.2 Spellcasting
 + Level 5.6 Ice Magic


You had 5 spell levels left.
You knew the following spells:

 Your Spells              Type           Power      Damage    Failure   Level
a - Freeze                Ice            80%        1d9       1%          1
b - Frozen Ramparts       Ice            40%        1d7       5%          3

Your spell library contained the following spells:

 Spells                   Type           Power      Damage    Failure   Level
 Ozocubu's Armour         Ice            20%        N/A       5%          3
 Hailstorm                Conj/Ice       11%        3d5       50%         4


Dungeon Overview and Level Annotations

Branches:
Dungeon (3/15)

Altars:


Innate Abilities, Weirdness & Mutations

((You are very nimble when in or above water. (Stealth+, EV+, Speed+++)))
Your lower body shifts to a powerful aquatic tail in water.


Message History

You closely miss something. Something hits you but does no damage.
Casting: Freeze (safe; 1% risk of failure)
Confirm with . or Enter, or press ? or * to list all spells.
You can't see any susceptible monsters within range! (Use Z to cast anyway.) Unknown command.
Casting: Freeze (safe; 1% risk of failure)
Confirm with . or Enter, or press ? or * to list all spells.
You can't see any susceptible monsters within range! (Use Z to cast anyway.)
Casting: Freeze (safe; 1% risk of failure)
Confirm with . or Enter, or press ? or * to list all spells.
Casting: Frozen Ramparts (dangerous; 5% risk of failure)
Press: ? - help, Dir - look around, f - activate The walls around you are covered in ice.
The wall freezes something.
Something hits you but does no damage.
Unknown command.
The wall freezes something.
You hear some strange, mumbled words.
A magic dart appears from out of thin air!
The magic dart hits you.
* * * LOW HITPOINT WARNING * * *
The wall freezes something.
Something hits you but does no damage.
Your frozen ramparts will break if you move.
Continue? [Y]es or [N]o only, please.
Your frozen ramparts will break if you move.
Continue? [Y]es or [N]o only, please.
Your frozen ramparts will break if you move.
Continue? [Y]es or [N]o only, please.
Your frozen ramparts will break if you move.
Continue? [Y]es or [N]o only, please.
Your frozen ramparts will break if you move.
Continue? [Y]es or [N]o only, please.
Your frozen ramparts will break if you move.
Continue?
Okay, then.
It was a potion of attraction.
You feel attractive to monsters.
The wall freezes something.
You hear some strange, mumbled words.
A magic dart appears from out of thin air!
The magic dart hits you!
You die...

### ..# ####.# .
#<##.# ...
...####.##@#.....
.........{..#
#######.###.#
#..).........#
#.####.#######
..# ###


There were no monsters in sight!

Vanquished Creatures
  An orc priest (D:2)
  3 gnolls (D:2)
  A worm (D:2)
  2 dart slugs
  An orc (D:3)
  2 bats
  3 endoplasms
  A giant cockroach (D:2)
  3 goblins
  2 hobgoblins (D:2)
  6 jackals
  2 kobolds (D:2)
  2 quokkas (D:1)
  3 ball pythons
  A frilled lizard (D:2)
  5 rats
38 creatures vanquished.

Notes
Turn   | Place    | Note
-------+----------+-------------------------------------------
     0 | D:1      | funkygono the Merfolk Ice Elementalist began the quest for
                  | the Orb.
     0 | D:1      | Reached XP level 1. HP: 13/13 MP: 3/3
   600 | D:1      | Reached XP level 2. HP: 19/19 MP: 1/5
  1154 | D:1      | Found a faded altar of an unknown god.
  1746 | D:2      | Reached skill level 5 in Ice Magic
  1746 | D:2      | Reached XP level 3. HP: 24/24 MP: 3/6
  1750 | D:2      | Learned a level 3 spell: Frozen Ramparts
  1754 | D:2      | Upgraded the game from 0.30-a0-29-g142975f185 to
                  | 0.30-a0-34-gbe8da3892a
  2534 | D:2      | Reached XP level 4. HP: 18/30 MP: 4/8
  3054 | D:3      | Killed from afar by an orc wizard

Illustrated notes

Levels and vault maps discovered:
D:1:      kennysheep_arrival_seaside, layout_basic,
          hellmonk_ecumenical_altar_inner_sanctum, lemuel_another_geyser
D:2:      layout_basic, interstate_on_off
D:3:      layout_basic, mainiacjoe_overflow_surrounded_room,
          uniq_crazy_yiuf_cottage, uniq_natasha, uniq_jessica, uniq_terence

Skill      XL: |  1  2  3  4 |
---------------+-------------+-----
Ice Magic      | 5 |  5.6
Spellcasting   | 3 |  3.2
Dodging        | |  2.7
Stealth        | |  2.5

Action                   |  1- 3 |  4- 6 || total
-------------------------+-------+-------++-------
Melee: Hand axe          |    17 |     3 ||    20
 Cast: Freeze            |    47 |     4 ||    51
       Frozen Ramparts   |     3 |     3 ||     6
  Use: Potion            |       |     1 ||     1
Armor: Robe              |     8 |     9 ||    17
Dodge: Dodged            |    26 |     8 ||    34

Table legend: (Time is in decaauts)
 A = Elapsed time spent in this place.
 B = Non-inter-level travel time spent in this place.
 C = Inter-level travel time spent in this place.
 D = Time resting spent in this place.
 E = Time spent auto-exploring this place.
 F = Levels seen in this place.
 G = Mean time per level.
                   A        B        C        D        E       F      G
               +--------+--------+--------+--------+--------+-----+--------+
         Total |   3051 |   2968 |     83 |    307 |   2317 |   3 | 1017.0 |
       Dungeon |   3051 |   2968 |     83 |    307 |   2317 |   3 | 1017.0 |
               +--------+--------+--------+--------+--------+-----+--------+

Top non-repeatable levels by time:
     D:1: 1641 daAuts
     D:2: 1372 daAuts
     D:3: 37 daAuts
